 Dungeon Crawl Stone Soup version 0.30.0-29-ga12c61a403 (webtiles) character file.

Game seed: 13646218470691994235

33682 qw the Cleaver (level 13, 0/84 HPs)
             Began as a Gargoyle Fighter on June 4, 2023.
             Was a High Priest of Okawaru.
             Slain by a goliath frog (15 damage)
             ... on level 5 of the Lair of Beasts.
             The game lasted 00:07:50 (14725 turns).

qw the Cleaver (Gargoyle Fighter)                  Turns: 14725, Time: 00:07:50

Health: 0/84       AC: 36    Str: 24    XL:     13   Next: 72%
Magic:  19/20      EV: 10    Int: 10    God:    Okawaru [*****.]
Gold:   997        SH:  7    Dex: 12    Spells: 12/12 levels left

rFire   . . .        e - +0 broad axe (venom)
rCold   + . .        c - +0 buckler
rNeg    + . .        m - +4 plate armour
rPois   inf          r - +2 helmet
rElec   +            p - scarf {repulsion}
rCorr   .            g - +2 pair of gloves
SInv    +            k - +1 pair of boots
Will    .....        C - amulet of faith Stlth
                     v - ring of protection from cold
HPRegen 0.34/turn    w - ring of the Leaping King {Dex+3 SInv}
MPRegen 0.17/turn

%: repel missiles, clarity, faith
@: about to teleport, heroic, corroded, very slow
A: sickness immunity, AC +9, negative energy resistance 1, electricity
resistance, torment resistance 1, petrification resistance, clarity,
deterioration 1
a: Renounce Religion, Heroism, Finesse, Duel


You were on level 5 of the Lair of Beasts.
You worshipped Okawaru.
Okawaru was extremely pleased with you.
You visited 3 branches of the dungeon, and saw 16 of its levels.

You collected 997 gold pieces.


Innate Abilities, Weirdness & Mutations

You are immune to sickness and miasma.
Your stone body is resilient. (AC +9)
You are immune to poison.
You resist negative energy. (rN+)
You are resistant to electric shocks. (rElec)
You are resistant to unholy torment.
You are immune to petrification.
You possess an exceptional clarity of mind.
Your body sometimes deteriorates upon taking damage.


   Skills:
 - Level 11.0(16.0) Fighting
 + Level 14.4(19.4) Axes
 - Level 2.0(7.0) Throwing
 - Level 10.0(15.0) Armour
 - Level 3.0(8.0) Dodging
 - Level 7.0(12.0) Shields
 - Level 10.0 Invocations


You had 12 spell levels left.
You didn't know any spells.
Your spell library was empty.

Inventory:

Hand Weapons
 e - a +0 broad axe of venom (weapon)
 z - a +0 demon whip of venom
Missiles
 x - 5 boomerangs (quivered)
Armour
 c - a +0 buckler (worn)
 g - a +2 pair of gloves (worn)
 k - a +1 pair of boots (worn)
 m - a +4 plate armour (worn)
 p - a scarf of repulsion (worn)
 r - a +2 helmet (worn)
 s - a +2 hat of see invisible
 y - a +1 cloak
 D - a scarf of shadows
Jewellery
 f - an amulet of regeneration
 j - a ring of fire
 q - a ring of protection from cold
 v - a ring of protection from cold (left hand)
 w - the ring of the Leaping King (right hand) {Dex+3 SInv}
   (You found it on level 7 of the Dungeon)

   [ring of see invisible]

   Dex:       It affects your dexterity (+3).
   SInv:      It lets you see invisible.
 A - a ring of willpower
 B - a ring of see invisible
 C - an amulet of faith (around neck)
Wands
 u - a wand of digging (9)
Scrolls
 b - 8 scrolls of identify
 n - 4 scrolls of teleportation
Potions
 a - a potion of resistance
 d - 3 potions of might
 h - 12 potions of curing
 i - 2 potions of attraction
 l - 3 potions of magic
 o - 2 potions of cancellation
 t - 4 potions of mutation

Dungeon Overview and Level Annotations

Branches:
Dungeon (10/15)            Temple (1/1) D:4            Lair (5/5) D:10
 Shoals (0/4) Lair:3        Snake (0/4) Lair:2        Slime (0/5) Lair:4
    Orc: D:9-12

Altars:
Ashenzari
Cheibriados
Dithmenos
Elyvilon
Fedhas
Gozag
Hepliaklqana
Kikubaaqudgha
Makhleb
Nemelex Xobeh
Okawaru
Qazlal
Ru
Sif Muna
Trog
Uskayaw
Vehumet
Wu Jian
Xom
Yredelemnul
Zin
The Shining One

Shops:
D:8 [

Portals:
Bailey: D:10

Annotations:
D:7 3 runed translucent doors, qw's ghost, novice GrFi


Message History

You kill the cane toad!
Okawaru accepts your kill.
The electric eel shoots out a bolt of lightning at you!
The bolt of electricity hits you but does no damage.
You enter the shallow water.
Moving in this stuff is going to be slow.
The electric eel shoots out a bolt of lightning at you!
The bolt of electricity hits you but does no damage.
Your unstable footing causes you to fumble your attack.
The electric eel shoots out a bolt of lightning at you!
The bolt of electricity is repelled.
You slice the electric eel!!
You kill the electric eel!
Okawaru accepts your kill.
You start resting.
A goliath frog is nearby!
14715 ||| FLEEEEING.
You enter the shallow water.
Moving in this stuff is going to be slow.
14717 ||| INVOKING Heroism.
You gain the combat prowess of a mighty hero.
The goliath frog hits you from afar! The acid corrodes you!
You are splashed with acid!
The goliath frog hits you but does no damage. x2
Your unstable footing causes you to fumble your attack.
The goliath frog hits you but does no damage.
Your unstable footing causes you to fumble your attack.
Your unstable footing causes you to fumble your attack.
The goliath frog hits you! The acid corrodes you!
You are splashed with acid!
You miss the goliath frog.
The goliath frog hits you but does no damage.
Your unstable footing causes you to fumble your attack.
The goliath frog hits you but does no damage.
Your unstable footing causes you to fumble your attack.
The goliath frog hits you!
You are splashed with acid!
14725 ||| READING 5 scrolls of teleportation.
As you read the scroll of teleportation, it crumbles to dust.
You feel strangely unstable. The goliath frog hits you!
You die...

#~~~~P~..P.. F~~~.~....
~~~~..#. ~~~.P~# ~P...##
#~~...# #~~...### ...P.#
###F.....###....#### ~~
##~.@.~....##....#.#.
.~~#~~~~...#####........
~~~#~~~~...## #.!......
~~~~P~~.P...###......#
~~~~~~~......###....#
~~~P~~~~.~....#.....P#
~~~~~~~~.............#
~~~~~~~~..#....#....##
#~~~~~~~~~~~~..#........#.#


You could see a goliath frog.

Vanquished Creatures
  Gastronok (D:8)
  Erica (D:8)
  3 death yaks (Lair:2)
  Amaemon (D:9)
  A goliath frog (Lair:5)
  A skyshark (Lair:3)
  A lindwurm (Lair:4)
  An oklob plant (Lair:2)
  3 black mambas
  Maurice (D:9)
  7 elephants (Lair:1)
  17 cane toads
  6 komodo dragons
  An orange demon (D:9)
  A kobold demonologist (D:10)
  2 rime drakes
  2 polar bears
  2 hornets
  6 dream sheep (Lair:4)
  A tyrant leech (Lair:5)
  7 blink frogs (Lair:5)
  A vampire (D:10)
  31 yaks
  4 shadows
  A basilisk (Lair:2)
  4 vampire mosquitoes (Lair:5)
  2 steam dragons (D:8)
  An acid dragon (D:9)
  4 nagas (Lair:2)
  6 water moccasins
  5 ice beasts
  5 orc warriors
  2 ogres
  A sky beast (D:6)
  5 black bears
  9 wolves
  A centaur (D:9)
  3 kobold brigands
  18 bullfrogs
  5 scorpions
  11 wights
  A howler monkey (D:5)
  An electric eel (Lair:5)
  6 orc priests
  7 jellies
  2 gnoll boudas
  A sleepcap (D:6)
  9 iguanas
  Ijyb (D:3)
  12 orc wizards
  Robin (D:4)
  15 gnolls
  7 adders
  4 shadow imps
  2 white imps
  An ufetubus (D:6)
  2 dart slugs
  34 orcs
  7 ball pythons
  2 bats
  4 endoplasms
  5 giant cockroaches
  14 goblins
  6 hobgoblins
  7 quokkas
  3 frilled lizards
  15 kobolds
  7 rats
361 creatures vanquished.

Notes
Turn   | Place    | Note
-------+----------+-------------------------------------------
     0 | D:1      | qw the Gargoyle Fighter began the quest for the Orb.
     0 | D:1      | Reached XP level 1. HP: 14/14 MP: 1/1
     0 | D:1      | 0 ||| qw: Version: 0.2-a-107-g4668610
     0 | D:1      | 0 ||| qw: Game counter: 1312
     0 | D:1      | 0 ||| qw: Always use a shield: true
     0 | D:1      | 0 ||| qw: God list: Okawaru
     0 | D:1      | 0 ||| qw: Allow faded altars: false
     0 | D:1      | 0 ||| qw: Do Orc after D:15 true
     0 | D:1      | 0 ||| qw: Do second Lair branch before Depths: true
     0 | D:1      | 0 ||| qw: Lair rune preference: random
     0 | D:1      | 0 ||| qw: Plans: Normal, Zot:1-4, Slime:5, God:TSO, Crypt,
                  | Tomb, Abyss, Pan, Hells, Win
     0 | D:1      | 0 ||| PLANNING D:1-11
   103 | D:1      | Reached skill level 2 in Axes
   167 | D:1      | 167 ||| Stepping ~*~*~tactically~*~*~ (hiding).
   440 | D:1      | Found a faded altar of an unknown god.
   651 | D:1      | Reached XP level 2. HP: 19/19 MP: 2/2
   933 | D:1      | 933 ||| UPGRADING to +0 cloak.
   938 | D:1      | 938 ||| UPGRADING to +2 pair of gloves.
   943 | D:1      | 943 ||| UPGRADING to +0 plate armour.
   953 | D:1      | 953 ||| DROPPING +0 scale mail.
   954 | D:1      | 954 ||| READING scroll labelled LARHIM RONUTH.
  1006 | D:2      | Found a sacrificial altar of Ru.
  1018 | D:2      | 1018 ||| Stepping ~*~*~tactically~*~*~ (stealth).
  1091 | D:2      | 1091 ||| Stepping ~*~*~tactically~*~*~ (hiding).
  1243 | D:2      | Reached skill level 3 in Axes
  1243 | D:2      | Reached XP level 3. HP: 20/23 MP: 3/3
  1312 | D:2      | 1312 ||| DROPPING +0 club.
  1532 | D:2      | 1532 ||| READING scroll labelled DAMANKUMMU.
  1533 | D:2      | 1533 ||| READING scroll labelled HIZYPT ZUET.
  1559 | D:3      | 1559 ||| PLANNING SEWER
  1562 | D:3      | 1562 ||| Stepping ~*~*~tactically~*~*~ (hiding).
  1712 | D:3      | Noticed Ijyb
  1774 | D:3      | Killed Ijyb
  1923 | D:3      | Reached XP level 4. HP: 28/28 MP: 4/4
  1932 | D:3      | Found a radiant altar of Vehumet.
  1957 | D:3      | Reached skill level 4 in Axes
  2030 | D:3      | 2030 ||| Stepping ~*~*~tactically~*~*~ (stealth).
  2071 | D:3      | Found a bloodstained altar of Trog.
  2298 | D:3      | Found a glowing drain.
  2304 | D:3      | 2304 ||| UPGRADING to +4 plate armour.
  2314 | D:3      | 2314 ||| DROPPING +0 plate armour.
  2315 | D:3      | 2315 ||| READING 2 scrolls labelled UTWUPL JOHADGH.
  2316 | D:3      | 2316 ||| READING scroll labelled QOBOF WYQEME.
  2317 | D:3      | 2317 ||| READING scroll labelled QIEVOSYGEUXY.
  2355 | D:4      | Reached XP level 5. HP: 32/32 MP: 5/5
  2429 | D:4      | Reached skill level 5 in Axes
  2511 | D:4      | 2511 ||| DROPPING +0 mace of draining.
  2522 | D:4      | 2522 ||| RIP SEWER
  2522 | D:4      | 2522 ||| PLANNING D:1-11
  2522 | D:4      | 2522 ||| UPGRADING to +0 pair of boots.
  2527 | D:4      | 2527 ||| READING 2 scrolls of identify.
  2527 | D:4      | 2527 ||| IDENTIFYING fizzy white potion
  2811 | D:3      | 2811 ||| READING scroll labelled JOECYT PAPSE.
  2861 | D:4      | Found a staircase to the Ecumenical Temple.
  2862 | D:4      | 2862 ||| PLANNING TEMPLE
  2862 | D:4      | 2862 ||| Stepping ~*~*~tactically~*~*~ (stealth).
  2863 | D:4      | 2863 ||| Stepping ~*~*~tactically~*~*~ (stealth).
  2884 | D:4      | 2884 ||| FLEEEEING.
  2885 | D:4      | 2885 ||| FLEEEEING.
  2886 | D:4      | 2886 ||| FLEEEEING.
  2887 | D:4      | 2887 ||| FLEEEEING.
  2888 | D:4      | 2888 ||| FLEEEEING.
  2889 | D:4      | 2889 ||| FLEEEEING.
  2912 | Temple   | Entered the Ecumenical Temple
  2912 | Temple   | Found a transporter.
  2912 | Temple   | Found a transporter.
  2914 | Temple   | Found a transporter.
  2914 | Temple   | Found a transporter.
  2924 | Temple   | 2924 ||| PLANNING D:1-11
  2966 | D:4      | 2966 ||| DROPPING +1 whip of venom.
  3016 | D:4      | Reached XP level 6. HP: 27/38 MP: 6/6
  3460 | D:4      | Noticed Robin
  3473 | D:4      | Killed Robin
  3474 | D:4      | Reached skill level 6 in Axes
  3485 | D:4      | 3485 ||| Stepping ~*~*~tactically~*~*~ (stealth).
  3488 | D:4      | 3488 ||| Stepping ~*~*~tactically~*~*~ (hiding).
  3643 | D:4      | Found a glowing silver altar of Zin.
  3890 | D:4      | 3890 ||| UPGRADING to +0 helmet.
  3895 | D:4      | 3895 ||| READING 2 scrolls labelled ADERIP GYNNA.
  3900 | D:4      | 3900 ||| READING scroll labelled KUIHUNN LIDO.
  3901 | D:4      | 3901 ||| DRINKING 2 lumpy clear potions.
  3902 | D:4      | 3902 ||| READING 2 scrolls of identify.
  3902 | D:4      | 3902 ||| IDENTIFYING bubbling inky potion
  3903 | D:4      | 3903 ||| DROPPING potion of degeneration.
  3927 | D:5      | Entered Level 5 of the Dungeon
  3927 | D:5      | Noticed a black bear
  3935 | D:5      | Killed a black bear
  3936 | D:5      | Reached XP level 7. HP: 43/43 MP: 7/7
  4004 | D:5      | 4004 ||| Stepping ~*~*~tactically~*~*~ (stealth).
  4135 | D:5      | 4135 ||| Stepping ~*~*~tactically~*~*~ (stealth).
  4136 | D:5      | 4136 ||| Stepping ~*~*~tactically~*~*~ (stealth).
  4146 | D:5      | Reached skill level 7 in Axes
  4467 | D:5      | Reached XP level 8. HP: 48/48 MP: 8/8
  4632 | D:5      | 4632 ||| Stepping ~*~*~tactically~*~*~ (stealth).
  4820 | D:5      | 4820 ||| UPGRADING to scarf of repulsion.
  4830 | D:5      | 4830 ||| READING scroll labelled FATESEOPT.
  4831 | D:5      | 4831 ||| READING 2 scrolls of identify.
  4831 | D:5      | 4831 ||| IDENTIFYING lumpy cyan potion
  4832 | D:5      | 4832 ||| DROPPING potion of flight.
  4841 | D:6      | Noticed a shadow
  4851 | D:6      | Reached skill level 1 in Dodging
  4854 | D:6      | Killed a shadow
  5011 | D:6      | Reached skill level 8 in Axes
  5105 | D:6      | 5105 ||| Stepping ~*~*~tactically~*~*~ (hiding).
  5318 | D:6      | 5318 ||| Stepping ~*~*~tactically~*~*~ (hiding).
  5319 | D:6      | 5319 ||| Stepping ~*~*~tactically~*~*~ (hiding).
  5329 | D:6      | Reached skill level 6 in Fighting
  5348 | D:6      | Reached skill level 6 in Armour
  5348 | D:6      | Reached XP level 9. HP: 47/55 MP: 9/9
  5770 | D:6      | 5770 ||| UPGRADING to ring of willpower.
  5771 | D:6      | 5771 ||| DRINKING 2 blue potions.
  5771 | D:6      | Gained mutation: Your body sometimes deteriorates upon
                  | taking damage. [potion of mutation]
  5771 | D:6      | Gained mutation: You possess an exceptional clarity of
                  | mind. [potion of mutation]
  5772 | D:6      | 5772 ||| READING 4 scrolls of identify.
  5772 | D:6      | 5772 ||| IDENTIFYING fuming sapphire potion
  5773 | D:6      | 5773 ||| READING 3 scrolls of identify.
  5773 | D:6      | 5773 ||| IDENTIFYING sapphire potion
  5774 | D:6      | 5774 ||| READING 2 scrolls of identify.
  5774 | D:6      | 5774 ||| IDENTIFYING fizzy inky potion
  5968 | D:7      | 5968 ||| Stepping ~*~*~tactically~*~*~ (stealth).
  5971 | D:7      | 5971 ||| Stepping ~*~*~tactically~*~*~ (stealth).
  6057 | D:7      | Reached skill level 9 in Axes
  6128 | D:7      | HP: 11/55 [orc warrior/+0 hand axe (8)]
  6129 | D:7      | 6129 ||| READING 2 scrolls of teleportation.
  6130 | D:7      | 6130 ||| DRINKING potion of heal wounds.
  6325 | D:7      | Found an iron altar of Okawaru.
  6325 | D:7      | Found a sparkling altar of Nemelex Xobeh.
  6326 | D:7      | 6326 ||| PLANNING OKAWARU WORSHIP
  6338 | D:7      | 6338 ||| Stepping ~*~*~tactically~*~*~ (stealth).
  6341 | D:7      | 6341 ||| Stepping ~*~*~tactically~*~*~ (hiding).
  6492 | D:7      | Identified the ring of the Leaping King {Dex+3 SInv}
  6644 | D:7      | Found a runed translucent gate.
  6644 | D:7      | Found a runed translucent gate.
  6644 | D:7      | Found a runed translucent gate.
  6738 | D:7      | Noticed qw's ghost (novice GrFi)
  6793 | D:7      | Reached skill level 1 in Throwing
  6902 | D:7      | 6902 ||| UPGRADING to ring of the Leaping King {Dex+3
                  | SInv}.
  6903 | D:7      | 6903 ||| READING scroll labelled DIFISA CUKLOEM.
  6904 | D:7      | 6904 ||| DRINKING 3 smoky clear potions.
  7009 | D:7      | 7009 ||| DROPPING 2 potions of berserk rage.
  7117 | D:7      | Became a worshipper of Warmaster Okawaru
  7117 | D:7      | 7117 ||| PLANNING D:1-11
  7398 | D:8      | Found Omniseid's Superior Scales.
  7401 | D:8      | Noticed a hornet
  7414 | D:8      | Killed a hornet
  7415 | D:8      | Reached skill level 10 in Axes
  7436 | D:8      | 7436 ||| Stepping ~*~*~tactically~*~*~ (stealth).
  7442 | D:8      | Reached * piety under Okawaru
  7443 | D:8      | Reached XP level 10. HP: 41/63 MP: 10/10
  7601 | D:8      | Reached skill level 1 in Invocations
  7708 | D:8      | Noticed Gastronok
  7709 | D:8      | 7709 ||| Stepping ~*~*~tactically~*~*~ (hiding).
  7718 | D:8      | 7718 ||| INVOKING Heroism.
  7733 | D:8      | 7733 ||| INVOKING Heroism.
  7741 | D:8      | Killed Gastronok
  7821 | D:8      | 7821 ||| READING scroll of enchant weapon.
  7821 | D:8      | 7821 ||| ENCHANTING +1 war axe.
  7836 | D:8      | Noticed Erica
  7837 | D:8      | 7837 ||| Stepping ~*~*~tactically~*~*~ (hiding).
  7840 | D:8      | 7840 ||| INVOKING Heroism.
  7841 | D:8      | 7841 ||| INVOKING Heroism.
  7848 | D:8      | Killed Erica
  7849 | D:8      | Reached skill level 3 in Invocations
  8000 | D:8      | 8000 ||| READING scroll labelled SIODDO WUKA.
  8001 | D:8      | 8001 ||| READING 2 scrolls of identify.
  8001 | D:8      | 8001 ||| IDENTIFYING fizzy brown potion
  8002 | D:8      | 8002 ||| DROPPING potion of brilliance.
  8066 | D:9      | Reached ** piety under Okawaru
  8192 | D:9      | 8192 ||| Stepping ~*~*~tactically~*~*~ (stealth).
  8229 | D:9      | 8229 ||| Stepping ~*~*~tactically~*~*~ (hiding).
  8231 | D:9      | 8231 ||| Stepping ~*~*~tactically~*~*~ (hiding).
  8338 | D:9      | 8338 ||| Stepping ~*~*~tactically~*~*~ (stealth).
  8339 | D:9      | 8339 ||| Stepping ~*~*~tactically~*~*~ (stealth).
  8341 | D:9      | 8341 ||| INVOKING Heroism.
  8342 | D:9      | 8342 ||| Stepping ~*~*~tactically~*~*~ (stealth).
  8475 | D:9      | Reached XP level 11. HP: 56/68 MP: 14/14
  8476 | D:9      | 8476 ||| FLEEEEING.
  8477 | D:9      | 8477 ||| FLEEEEING.
  8478 | D:9      | 8478 ||| FLEEEEING.
  8479 | D:9      | 8479 ||| FLEEEEING.
  8480 | D:9      | 8480 ||| FLEEEEING.
  8481 | D:9      | 8481 ||| FLEEEEING.
  8482 | D:9      | 8482 ||| FLEEEEING.
  8483 | D:9      | 8483 ||| FLEEEEING.
  8484 | D:9      | 8484 ||| FLEEEEING.
  8485 | D:9      | 8485 ||| FLEEEEING.
  8486 | D:9      | 8486 ||| FLEEEEING.
  8487 | D:9      | 8487 ||| FLEEEEING.
  8488 | D:9      | 8488 ||| FLEEEEING.
  8489 | D:9      | 8489 ||| FLEEEEING.
  8490 | D:9      | 8490 ||| FLEEEEING.
  8491 | D:9      | 8491 ||| FLEEEEING.
  8529 | D:9      | 8529 ||| Stepping ~*~*~tactically~*~*~ (hiding).
  8530 | D:9      | 8530 ||| Stepping ~*~*~tactically~*~*~ (hiding).
  8662 | D:9      | 8662 ||| DROPPING +0 morningstar.
  8675 | D:9      | 8675 ||| SWAPPING to +5 war axe.
  8676 | D:9      | 8676 ||| DROPPING +2 war axe.
  8798 | D:9      | Noticed Maurice
  8816 | D:9      | Killed Maurice
  8817 | D:9      | Reached skill level 11 in Axes
  9069 | D:9      | Noticed Amaemon
  9070 | D:9      | 9070 ||| INVOKING Heroism.
  9081 | D:9      | Reached *** piety under Okawaru
  9092 | D:9      | Killed Amaemon
  9093 | D:9      | Reached skill level 9 in Fighting
  9149 | D:9      | 9149 ||| DROPPING +2 morningstar.
  9293 | D:9      | 9293 ||| DROPPING +0 cloak.
  9294 | D:9      | 9294 ||| READING scroll labelled PAFFUH JOTTE.
  9439 | D:10     | Entered Level 10 of the Dungeon
  9518 | D:10     | 9518 ||| Stepping ~*~*~tactically~*~*~ (stealth).
  9520 | D:10     | 9520 ||| FLEEEEING.
  9521 | D:10     | 9521 ||| FLEEEEING.
  9523 | D:10     | 9523 ||| FLEEEEING.
  9535 | D:10     | 9535 ||| Stepping ~*~*~tactically~*~*~ (hiding).
  9536 | D:10     | 9536 ||| INVOKING Heroism.
  9678 | D:10     | 9678 ||| Stepping ~*~*~tactically~*~*~ (stealth).
  9687 | D:10     | Found a flagged portal.
  9746 | D:10     | 9746 ||| INVOKING Heroism.
  9995 | D:10     | Found a staircase to the Lair.
 10082 | D:10     | 10082 ||| PLANNING LAIR
 10082 | D:10     | 10082 ||| READING scroll labelled CEORUZEUNG.
 10083 | D:10     | 10083 ||| READING scroll labelled XAYLYO UGREURPH.
 10083 | D:10     | Identified a scroll of acquirement
 10083 | D:10     | 10083 ||| ACQUIRING amulet of regeneration
 10083 | D:10     | Acquired an amulet of regeneration
 10085 | D:10     | 10085 ||| UPGRADING to amulet of regeneration.
 10116 | Lair:1   | Entered Level 1 of the Lair of Beasts
 10117 | Lair:1   | 10117 ||| INVOKING Heroism.
 10132 | Lair:1   | 10132 ||| INVOKING Heroism.
 10136 | Lair:1   | Reached skill level 12 in Axes
 10138 | Lair:1   | Reached **** piety under Okawaru
 10149 | Lair:1   | Reached skill level 9 in Armour
 10190 | Lair:1   | 10190 ||| INVOKING Heroism.
 10307 | Lair:1   | 10307 ||| Stepping ~*~*~tactically~*~*~ (stealth).
 10321 | Lair:1   | Reached skill level 6 in Shields
 10321 | Lair:1   | 10321 ||| FLEEEEING.
 10322 | Lair:1   | 10322 ||| FLEEEEING.
 10323 | Lair:1   | 10323 ||| FLEEEEING.
 10329 | Lair:1   | 10329 ||| INVOKING Heroism.
 10374 | Lair:1   | 10374 ||| INVOKING Heroism.
 10379 | Lair:1   | Reached skill level 6 in Invocations
 10414 | Lair:1   | 10414 ||| Stepping ~*~*~tactically~*~*~ (hiding).
 10415 | Lair:1   | 10415 ||| Stepping ~*~*~tactically~*~*~ (hiding).
 10416 | Lair:1   | 10416 ||| INVOKING Heroism.
 10419 | Lair:1   | Reached XP level 12. HP: 75/76 MP: 13/16
 10497 | Lair:1   | 10497 ||| READING scroll of enchant armour.
 10497 | Lair:1   | 10497 ||| ENCHANTING +0 helmet.
 10728 | Lair:1   | Reached ***** piety under Okawaru
 10912 | Lair:1   | 10912 ||| FLEEEEING.
 10991 | Lair:1   | 10991 ||| DRINKING 2 fuming puce potions.
 10996 | Lair:2   | 10996 ||| INVOKING Heroism.
 11033 | Lair:2   | 11033 ||| INVOKING Heroism.
 11049 | Lair:2   | 11049 ||| Stepping ~*~*~tactically~*~*~ (stealth).
 11164 | Lair:2   | 11164 ||| Stepping ~*~*~tactically~*~*~ (stealth).
 11166 | Lair:2   | 11166 ||| Stepping ~*~*~tactically~*~*~ (hiding).
 11200 | Lair:2   | 11200 ||| Stepping ~*~*~tactically~*~*~ (hiding).
 11215 | Lair:2   | 11215 ||| Stepping ~*~*~tactically~*~*~ (hiding).
 11217 | Lair:2   | 11217 ||| Stepping ~*~*~tactically~*~*~ (hiding).
 11219 | Lair:2   | 11219 ||| Stepping ~*~*~tactically~*~*~ (hiding).
 11240 | Lair:2   | Found a staircase to the Snake Pit.
 11433 | Lair:2   | 11433 ||| Stepping ~*~*~tactically~*~*~ (stealth).
 11449 | Lair:2   | 11449 ||| INVOKING Heroism.
 11491 | Lair:2   | Noticed a death yak
 11492 | Lair:2   | 11492 ||| INVOKING Heroism.
 11493 | Lair:2   | 11493 ||| INVOKING Finesse.
 11505 | Lair:2   | Killed a death yak
 11506 | Lair:2   | Reached skill level 9 in Invocations
 11562 | Lair:2   | Noticed a death yak
 11562 | Lair:2   | Noticed a death yak
 11563 | Lair:2   | 11563 ||| INVOKING Heroism.
 11564 | Lair:2   | 11564 ||| INVOKING Finesse.
 11579 | Lair:2   | Killed a death yak
 11581 | Lair:2   | Killed a death yak
 11582 | Lair:2   | Reached skill level 13 in Axes
 11811 | Lair:2   | 11811 ||| Stepping ~*~*~tactically~*~*~ (stealth).
 11812 | Lair:2   | 11812 ||| Stepping ~*~*~tactically~*~*~ (stealth).
 11813 | Lair:2   | 11813 ||| Stepping ~*~*~tactically~*~*~ (stealth).
 11815 | Lair:2   | 11815 ||| INVOKING Heroism.
 11845 | Lair:2   | 11845 ||| INVOKING Heroism.
 11857 | Lair:2   | Identified the ring of Piedoqoe {Ice Stlth+}
 11971 | Lair:2   | 11971 ||| READING scroll of enchant armour.
 11971 | Lair:2   | 11971 ||| ENCHANTING +1 helmet.
 12328 | Lair:2   | 12328 ||| DROPPING ring of flight.
 12329 | Lair:2   | 12329 ||| UPGRADING to ring of protection from cold.
 12331 | Lair:2   | 12331 ||| READING 9 scrolls of identify.
 12331 | Lair:2   | 12331 ||| IDENTIFYING dark potion
 12332 | Lair:2   | 12332 ||| DROPPING potion of ambrosia.
 12575 | Lair:3   | 12575 ||| INVOKING Heroism.
 12729 | Lair:3   | 12729 ||| INVOKING Heroism.
 12738 | Lair:3   | Reached XP level 13. HP: 82/82 MP: 18/20
 12804 | Lair:3   | 12804 ||| Stepping ~*~*~tactically~*~*~ (stealth).
 12838 | Lair:3   | 12838 ||| Stepping ~*~*~tactically~*~*~ (stealth).
 12856 | Lair:3   | 12856 ||| INVOKING Heroism.
 12883 | Lair:3   | Found a staircase to the Shoals.
 13105 | Lair:3   | Found a white marble altar of Elyvilon.
 13400 | Lair:3   | 13400 ||| DROPPING ring of Piedoqoe {Ice Stlth+}.
 13401 | Lair:3   | 13401 ||| READING 8 scrolls of identify.
 13401 | Lair:3   | 13401 ||| IDENTIFYING yellow potion
 13402 | Lair:3   | 13402 ||| DROPPING potion of invisibility.
 13435 | Lair:4   | 13435 ||| Stepping ~*~*~tactically~*~*~ (stealth).
 13439 | Lair:4   | 13439 ||| Stepping ~*~*~tactically~*~*~ (stealth).
 13465 | Lair:4   | Found a stormy altar of Qazlal.
 13476 | Lair:4   | 13476 ||| READING scroll of enchant armour.
 13476 | Lair:4   | 13476 ||| ENCHANTING +0 pair of boots.
 13510 | Lair:4   | 13510 ||| INVOKING Heroism.
 13697 | Lair:4   | 13697 ||| Stepping ~*~*~tactically~*~*~ (hiding).
 13886 | Lair:4   | Found a staircase to the Slime Pits.
 13889 | Lair:4   | 13889 ||| Stepping ~*~*~tactically~*~*~ (stealth).
 13961 | Lair:4   | Reached skill level 14 in Axes
 13968 | Lair:4   | Reached skill level 3 in Dodging
 14312 | Lair:4   | 14312 ||| UPGRADING to amulet of faith.
 14322 | Lair:4   | 14322 ||| READING scroll labelled PEIKHEINIR.
 14355 | Lair:5   | Entered Level 5 of the Lair of Beasts
 14406 | Lair:5   | 14406 ||| Stepping ~*~*~tactically~*~*~ (stealth).
 14408 | Lair:5   | 14408 ||| INVOKING Heroism.
 14428 | Lair:5   | Received a gift from Okawaru
 14429 | Lair:5   | 14429 ||| Stepping ~*~*~tactically~*~*~ (stealth).
 14455 | Lair:5   | 14455 ||| Stepping ~*~*~tactically~*~*~ (stealth).
 14463 | Lair:5   | 14463 ||| Stepping ~*~*~tactically~*~*~ (stealth).
 14471 | Lair:5   | 14471 ||| INVOKING Heroism.
 14513 | Lair:5   | 14513 ||| Stepping ~*~*~tactically~*~*~ (stealth).
 14515 | Lair:5   | 14515 ||| Stepping ~*~*~tactically~*~*~ (stealth).
 14517 | Lair:5   | 14517 ||| INVOKING Heroism.
 14535 | Lair:5   | 14535 ||| Stepping ~*~*~tactically~*~*~ (stealth).
 14584 | Lair:5   | 14584 ||| Stepping ~*~*~tactically~*~*~ (stealth).
 14585 | Lair:5   | 14585 ||| Stepping ~*~*~tactically~*~*~ (stealth).
 14613 | Lair:5   | 14613 ||| SWAPPING to +0 broad axe of venom.
 14614 | Lair:5   | 14614 ||| DROPPING +5 war axe of freezing.
 14635 | Lair:5   | 14635 ||| Stepping ~*~*~tactically~*~*~ (stealth).
 14639 | Lair:5   | 14639 ||| Stepping ~*~*~tactically~*~*~ (stealth).
 14645 | Lair:5   | 14645 ||| INVOKING Heroism.
 14673 | Lair:5   | 14673 ||| Stepping ~*~*~tactically~*~*~ (stealth).
 14693 | Lair:5   | 14693 ||| Stepping ~*~*~tactically~*~*~ (water).
 14715 | Lair:5   | 14715 ||| FLEEEEING.
 14717 | Lair:5   | 14717 ||| INVOKING Heroism.
 14724 | Lair:5   | HP: 15/84 [acid (8)]
 14725 | Lair:5   | 14725 ||| READING 5 scrolls of teleportation.
 14725 | Lair:5   | Slain by a goliath frog

Levels and vault maps discovered:
D:1:      dpeg_arrival_radiant, layout_basic,
          shapermc_ecumenical_altar_flowoftime
D:2:      kennysheep_big_flooded_room, layout_basic, basic_altar,
          minmay_misc_feat_roman, nicolae_titane
D:3:      layout_basic, nicolae_vehumet_radiance, lightli_temple_of_fire,
          gup_sewer_entry_pipe, uniq_ijyb
D:4:      layout_loops_ring, general_overflow_altar, temple_statues, uniq_robin
D:5:      layout_basic, hex_intersection, saegor_snake_ambush
D:6:      layout_loops_ring, grunt_decor_resistance, lexackson_kobold_supper
D:7:      layout_gridville, jmf_multi_god_temple, gammafunk_ghost_icy,
          columned_hall_lemuel
D:8:      layout_loops_cross, hellmonk_scale_shop, uniq_gastronok, uniq_erica
D:9:      layout_cave_pods, uniq_maurice, uniq_amaemon
D:10:     layout_rooms, grunt_lair_entry_orc_guard_hut, enter_bailey_7
Temple:   hellmonk_temple_divided_pantheon
Lair:1:   layout_hall_layers, serial_bayou_shore_b, grunt_megastairs_4
Lair:2:   layout_cave_pods, minmay_snake_entry_guardpost_small,
          minmay_lair_oklob_items, beast_lair_carwin_3, grunt_megastairs_2
Lair:3:   layout_cave_pods, shoals_dummy_entry, basic_altar, beast_lair_carwin_2
Lair:4:   layout_loops_ring, nicolae_slime_entry_field_trip, basic_altar
Lair:5:   minmay_lair_end_frog_pond, layout_concentric_octagons,
          dreamdust_mushroom_princess, minivault_23

Skill      XL: |  1  2  3  4  5  6  7  8  9 10 11 12 13 |
---------------+----------------------------------------+-----
Axes           | 2 3 4 5 6 7 8 10 12 13 14 | 14.4
Fighting       | 4 6 7 8 9 10 11 | 11.0
Armour         | 4 5 6 8 9 10 | 10.0
Dodging        | 1 2 3 |  3.0
Shields        | 4 5 6 7 |  7.0
Throwing       | 1 2 |  2.0
Invocations    | 4 6 10 | 10.0

Action                     |  1- 3 |  4- 6 |  7- 9 | 10-12 | 13-15 || total
---------------------------+-------+-------+-------+-------+-------++-------
  Melee: War axe           |    79 |   199 |   371 |   509 |   175 ||  1333
         Broad axe         |       |       |       |       |    26 ||    26
  Throw: Boomerang         |       |       |     4 |   105 |    50 ||   159
 Invoke: Heroism           |       |       |       |    22 |     7 ||    29
         Finesse           |       |       |       |     2 |       ||     2
    Use: Scroll            |     3 |     8 |     7 |     9 |     4 ||    31
         Potion            |       |     1 |     3 |     1 |       ||     5
 Armour: Scale mail        |     7 |       |       |       |       ||     7
         Plate armour      |    72 |   205 |   251 |   255 |   112 ||   895
  Dodge: Dodged            |    32 |    35 |    99 |   124 |    73 ||   363
         Repelled          |       |       |     1 |     3 |     1 ||     5
  Block: Buckler           |    13 |    26 |    60 |   103 |    38 ||   240

Table legend:
 A = Non-vault XP
 B = Vault XP
 C = Vault XP percentage of total XP
 D = Non-vault monster count
 E = Vault monster count
 F = Vault count percentage of total count
                 A         B        C        D         E       F
            +---------+---------+-------+---------+---------+-------
      Total |   29779 |   18339 |  38.1 |     259 |     102 |  28.3
            +---------+---------+-------+---------+---------+-------
        D:1 |      13 |       0 |   0.0 |       9 |       0 |   0.0
        D:2 |      10 |      15 |  60.0 |       7 |       2 |  22.2
        D:3 |      43 |      48 |  52.7 |      18 |       7 |  28.0
        D:4 |     430 |      27 |   5.9 |      29 |       7 |  19.4
        D:5 |     723 |      28 |   3.7 |      18 |       3 |  14.3
        D:6 |    1275 |     106 |   7.7 |      23 |       8 |  25.8
        D:7 |     882 |      83 |   8.6 |      32 |       2 |   5.9
        D:8 |    1140 |    2466 |  68.4 |       9 |       3 |  25.0
        D:9 |    2978 |    1644 |  35.6 |      26 |       3 |  10.3
       D:10 |    1087 |     548 |  33.5 |      18 |       9 |  33.3
     Lair:1 |    7595 |    1207 |  13.7 |      22 |       7 |  24.1
     Lair:2 |    4475 |    4013 |  47.3 |      14 |      16 |  53.3
     Lair:3 |    3274 |     691 |  17.4 |      13 |       4 |  23.5
     Lair:4 |    4714 |     170 |   3.5 |      17 |       4 |  19.0
     Lair:5 |    1140 |    7293 |  86.5 |       4 |      27 |  87.1
            +---------+---------+-------+---------+---------+-------
